 Dungeon Crawl Stone Soup version 0.30-b1-2-g02819fbbbe (webtiles) character file.

Game seed: 5211950568769068340

148978 Alarkh the Marksdemonspawn (level 16, -2/124 HPs)
             Began as a Demonspawn Hunter on July 2, 2023.
             Was an Elder of Uskayaw.
             Killed by divine providence
             ... invoked by a meliai
              (15 damage)
             ... on level 3 of the Abyss on July 4, 2023.
             The game lasted 01:07:27 (35918 turns).

Alarkh the Marksdemonspawn (Demonspawn Hunter)     Turns: 35918, Time: 01:07:27

Health: -2/124     AC: 17    Str: 13      XL:     16   Next: 95%
Magic:  32/32      EV: 19    Int: 17 (18) God:    Uskayaw [****..]
Gold:   285        SH: 13    Dex: 11 (12) Spells: 15/15 levels left

rFire   . . .        a - +3 dagger (speed)
rCold   . . .        (no shield)
rNeg    . . .        w - +3 leather armour {Will+}
rPois   +            S - +2 hat {SInv}
rElec   +            i - +2 cloak {rPois}
rCorr   +            (gloves unavailable)
SInv    +            D - +0 pair of boots
Will    ++...        k - amulet of reflection
Stlth   ++++         r - +5 ring of evasion
HPRegen 1.40/turn    c - ring "Neanef" {rElec rCorr MP+9 AC+4 Dex-4}
MPRegen 0.46/turn

%: random rage (3%), reflection
@: on berserk cooldown, slowed, very slow
A: large bone plates 3, powered by death 1, magic regeneration, demonic touch 3,
[berserk 1], [deterioration 2], [screaming 2]
a: Renounce Religion, Stomp, Line Pass


You were on level 3 of the Abyss.
You worshipped Uskayaw.
Uskayaw was aware of your devotion.
You visited 4 branches of the dungeon, and saw 25 of its levels.
You visited the Abyss 1 time.
You also visited: Sewer and Volcano.

You collected 2086 gold pieces.
You spent 1801 gold pieces at shops.

Inventory:

Hand Weapons
 a - a +3 dagger of speed (weapon)
 b - the +6 longbow "Naqeator" {elec, rElec rPois rC++ Stlth-}
   (You acquired it on level 11 of the Dungeon)

   rC:        It greatly protects you from cold.
   rElec:     It insulates you from electricity.
   rPois:     It protects you from poison.
   Stlth:     It makes you less stealthy.
Missiles
 F - 11 throwing nets
Armour
 i - a +2 cloak of poison resistance (worn)
 l - +0 steam dragon scales
 w - a +3 leather armour of willpower (worn)
 y - a +0 cloak
 D - a +0 pair of boots (worn)
 S - a +2 hat of see invisible (worn)
Jewellery
 c - the ring "Neanef" (right hand) {rElec rCorr MP+9 AC+4 Dex-4}
   (You bought it in a shop on level 1 of the Snake Pit)

   [ring of protection]

   AC:        It affects your AC (+4).
   Dex:       It affects your dexterity (-4).
   rElec:     It insulates you from electricity.
   MP:        It affects your magic capacity (+9).
   rCorr:     It protects you from acid and corrosion.
 k - an amulet of reflection (around neck)
 r - a +5 ring of evasion (left hand)
 t - a +4 ring of protection
 J - a ring of resist corrosion
 Q - a ring of positive energy
 T - a ring of protection from fire
 X - a ring of see invisible
Wands
 p - a wand of roots (3)
 v - a wand of flame (5)
 A - a wand of quicksilver (6)
 B - a wand of digging (12)
 K - a wand of paralysis (20)
 M - a wand of mindburst (18)
 U - a wand of polymorph (4)
Scrolls
 d - 9 scrolls of magic mapping
 f - 11 scrolls of identify
 g - 3 scrolls of summoning
 n - 9 scrolls of teleportation
 o - 2 scrolls of fog
 s - 2 scrolls of silence
 u - a scroll of amnesia
 C - a scroll of poison
Potions
 j - 2 potions of curing
 m - 3 potions of resistance
 z - a potion of magic
 P - a potion of cancellation
Miscellaneous
 x - a piece from Xom's chessboard (15/15)
 H - a lightning rod (4/4)


   Skills:
 + Level 10.6 Fighting
 * Level 14.2 Short Blades
 * Level 15.7 Ranged Weapons
 + Level 8.5 Armour
 + Level 8.8 Dodging
 + Level 9.9 Stealth
 + Level 7.9 Unarmed Combat
 * Level 9.3 Invocations


You had 15 spell levels left.
You didn't know any spells.
Your spell library contained the following spells:

 Spells                   Type           Power      Damage    Failure   Level
 Apportation              Tloc           0%         N/A       28%         1
 Foxfire                  Conj/Fire      0%         2x1d4     28%         1
 Necrotise                Necr           0%         1d4       28%         1
 Sandblast                Erth           0%         2d4       28%         1
 Shock                    Conj/Air       0%         1d3       28%         1
 Sting                    Tmut/Pois      0%         1d3       28%         1
 Summon Small Mammal      Summ           0%         N/A       28%         1
 Blink                    Tloc           0%         N/A       41%         2
 Lesser Beckoning         Tloc           0%         N/A       41%         2
 Momentum Strike          Conj/Tloc      0%         3d8       41%         2
 Passwall                 Tmut/Erth      0%         N/A       41%         2
 Poisonous Vapours        Pois/Air       0%         N/A       41%         2
 Static Discharge         Conj/Air       0%         2-2/arc   41%         2
 Call Canine Familiar     Summ           0%         N/A       65%         3
 Gell's Gravitas          Tloc           0%         N/A       65%         3
 Stone Arrow              Conj/Erth      0%         3d7       65%         3
 Summon Guardian Golem    Hex/Summ       0%         N/A       65%         3
 Swiftness                Air            0%         N/A       65%         3
 Teleport Other           Tloc           0%         N/A       65%         3
 Airstrike                Air            0%         2d(0-16)  96%         4
 Animate Dead             Necr           0%         N/A       96%         4
 Olgreb's Toxic Radiance  Pois           0%         N/A       96%         4
 Petrify                  Tmut/Erth      0%         N/A       96%         4
 Summon Ice Beast         Ice/Summ       0%         N/A       96%         4
 Summon Lightning Spire   Summ/Air       0%         N/A       96%         4
 Alistair's Intoxication  Tmut/Pois      0%         N/A       100%        5
 Borgnjor's Vile Clutch   Necr/Erth      0%         N/A       100%        5
 Fireball                 Conj/Fire      0%         3d3       100%        5
 Metabolic Englaciation   Hex/Ice        0%         N/A       100%        5
 Summon Mana Viper        Hex/Summ       0%         N/A       100%        5
 Death Channel            Necr           0%         N/A       100%        6
 Eringya's Noxious Bog    Tmut/Pois      0%         N/A       100%        6
 Plasma Beam              Fire/Air       0%         2x1d11    100%        6
 Starburst                Conj/Fire      0%         6d3       100%        6
 Statue Form              Tmut/Erth      0%         N/A       100%        6
 Monstrous Menagerie      Summ           0%         N/A       100%        7
 Borgnjor's Revivificati  Necr           0%         N/A       100%        8
 Necromutation            Tmut/Necr      0%         N/A       100%        8
 Death's Door             Necr           0%         N/A       100%        9


Dungeon Overview and Level Annotations

Branches:
Dungeon (15/15)            Temple (1/1) D:5            Lair (5/5) D:8
  Swamp (0/4) Lair:2        Snake (4/4) Lair:3        Slime (0/5) Lair:4
    Orc (0/2) D:11         Vaults (0/5) D:13         Depths (0/4) D:15
  Sewer (visited)         Volcano (visited)

Altars:
Ashenzari
Cheibriados
Dithmenos
Fedhas
Gozag
Hepliaklqana
Kikubaaqudgha
Makhleb
Nemelex Xobeh
Okawaru
Qazlal
Ru
Sif Muna
Trog
Uskayaw
Vehumet
Wu Jian
Xom
Yredelemnul
Jiyva

Shops:
D:5 ?   D:6 [?   D:9 ?   D:11 =   Snake:1 (=*[(

Annotations:
D:3 1 runed translucent door
Snake:1 2 transporters, MisterFreud's ghost, journeyman FeBe
Snake:4 Louise; Vashnia


Innate Abilities, Weirdness & Mutations

You are completely covered in large bone plates. (SH +8)
You regenerate a little health from kills.
You regenerate magic rapidly.
Your touch may irresistibly damage your foes and sap their willpower.
[You sometimes lose your temper in combat.]
[Your body often deteriorates upon taking damage.]
[You frequently scream uncontrollably at your foes.]


Message History

Something smites you! You block the queen bee's attack.
You hear a bark!
You closely miss the queen bee.
You touch the queen bee!
You sap its willpower!
The queen bee is moderately wounded.
You hear an angry buzzing noise.
A wretched star comes into view.
The meliai calls upon its god to heal the queen bee.
The queen bee is healed somewhat.
You hit the queen bee. Your touch misses the queen bee.
The queen bee is lightly wounded.
The meliai calls down the wrath of its god upon you.
Something smites you!
Your body deteriorates!
You feel dopey.
The queen bee stings you but does no damage.
You hit the queen bee.
You touch the queen bee!
You sap its willpower!
The queen bee is heavily wounded.
The meliai buzzes angrily.
You hit the queen bee.
You touch the queen bee!
You kill the queen bee!
The meliai calls down the wrath of its god upon you.
Something smites you!
A raiju comes into view.
You barely miss the meliai.
The meliai hits you with a +0 broad axe!
* * * LOW HITPOINT WARNING * * *
The meliai closely misses you.
Uskayaw links your audience in an emotional bond!
Unknown command.
The meliai calls down the wrath of its god upon you.
Something smites you!
* * * LOW HITPOINT WARNING * * *
A small abomination comes into view.
The meliai invokes the aid of its god against you.
Something smites you!
* * * LOW HITPOINT WARNING * * *
Your body deteriorates!
You feel clumsy.
There is a gateway leading out of the Abyss here.
The meliai mumbles some strange prayers to its god against you.
Something smites you!
You die...

## ## #
⌠#x..#.###### .
.†..hy*†y@..## ..
.
†.##########..###.
># φ ##....#
##.### .†.# . ## #
. . . ..


You could see a wretched star (pain bonded), a raiju (pain bonded), a small
abomination and 2 meliai.

Vanquished Creatures
  Nikola (Snake:1)
  Jorgrun (D:14)
  Gastronok (D:10)
  A tengu reaver (D:14)
  2 tentacled starspawn (Abyss:3)
  3 nagarajas
  Roxanne (Snake:3)
  Aizul (Snake:3)
  A very ugly thing (Abyss:3)
  Nessos (D:12)
  A salamander tyrant (Snake:2)
  8 vault guards (D:13)
  Harold (Lair:1)
  Erica (D:10)
  An anaconda (Snake:3)
  5 hydras
  10 two-headed ogres
  4 centaur warriors
  A boulder beetle (D:13)
  The ghost of Drakonis1988 the Basher, a journeyman GrFi of Okawaru (D:10)
  A death knight (D:15)
  11 naga warriors
  2 tengu warriors (D:14)
  11 naga sharpshooters
  Urug (Lair:1)
  5 shock serpents
  Nergalle (Lair:1)
  The ghost of HumbleHazard the Cleaver, a novice HOFi of Gozag (D:6)
  A hell knight (Volcano)
  A skyshark (Lair:3)
  2 skeletal warriors (D:15)
  2 salamander mystics
  A wretched star (Abyss:3)
  A shadow wraith (Abyss:3)
  2 large abominations (Abyss:3)
  2 glowing orange brains (Abyss:3)
  A flayed ghost (D:15)
  4 sea snakes (Snake:3)
  A sphinx zombie (D:15)
  A necromancer (D:15)
  2 naga ritualists
  A wizard (D:15)
  14 ugly things
  A lindwurm (shapeshifter) (D:14)
  Pikel (D:4)
  5 deep elf pyromancers
  An orc knight (D:12)
  5 mana vipers
  A stone giant zombie (D:15)
  4 manticores
  14 salamanders
  A worldbinder (Abyss:3)
  5 cyclopes
  A fire giant zombie (D:15)
  4 elephants (Lair:4)
  Joseph (D:7)
  2 guardian serpents
  28 black mambas
  7 naga magi
  A smoke demon (Abyss:3)
  5 molten gargoyles (Volcano)
  An unseen horror (D:11)
  Psyche (D:8)
  11 cane toads
  6 gargoyles
  An orange demon (Abyss:3)
  2 kobold demonologists
  3 freezing wraiths
  A tengu conjurer (D:14)
  2 efreet (Volcano)
  9 komodo dragons
  4 rime drakes
  A guardian mummy (D:15)
  A harpy zombie (Abyss:3)
  2 trolls
  4 polar bears
  3 raiju (Abyss:3)
  A queen bee (Abyss:3)
  A hellwing (Abyss:3)
  6 hornets
  Grinder (D:3)
  3 dream sheep (Lair:5)
  14 blink frogs
  14 slime creatures
  13 spriggans
  A vampire (D:13)
  4 shadows
  5 wyverns
  A ynoxinul (Abyss:3)
  6 basilisks
  29 yaks
  A neqoxec (Abyss:3)
  7 vampire mosquitoes
  A wraith (D:10)
  2 steam dragons
  A glowing shapeshifter zombie (D:15)
  2 swamp worms (Lair:2)
  25 nagas
  8 water moccasins
  3 acid dragons
  Duvessa (D:7)
  A meliai simulacrum (D:14)
  7 black bears
  12 orc warriors
  5 ice beasts
  2 sky beasts
  4 small abominations (Abyss:3)
  4 boggarts (Lair:5)
  34 wolves
  3 ogres
  16 centaurs
  A lemure (D:4)
  A phantom (D:11)
  7 kobold brigands
  10 bullfrogs
  4 gnoll sergeants (D:10)
  2 scorpions (D:6)
  11 wights
  Dowan (D:7)
  3 howler monkeys (D:8)
  8 electric eels
  3 lava snakes
  A quasit (Abyss:3)
  6 gnoll boudas
  9 hounds
  6 orc priests
  4 jellies
  Terence (D:3)
  Jessica (D:3)
  6 iguanas
  10 orc wizards
  A hell rat (Sewer)
  6 ogre zombies (D:11)
  49 gnolls
  7 adders
  A river rat (Sewer)
  2 white imps
  An ufetubus (D:6)
  3 worms
  2 dart slugs (D:5)
  50 orcs
  2 bats
  7 endoplasms
  8 giant cockroaches
  8 goblins
  14 hobgoblins
  14 jackals
  5 quokkas
  7 ball pythons
  3 frilled lizards
  A goblin skeleton (D:11)
  A goblin zombie (D:11)
  3 hobgoblin zombies (D:11)
  52 kobolds
  An orc skeleton (D:11)
  13 orc zombies (D:11)
  12 rats
  2 lurking horrors (Abyss:3)
  A starspawn tentacle (Abyss:3)
863 creatures vanquished.

Vanquished Creatures (collateral kills)
  An ogre (D:6)
1 creature vanquished.

Vanquished Creatures (others)
  A naga mage (Snake:3)
  A naga (Snake:2)
  6 fungi
  8 plants
  6 starspawn tentacles (Abyss:3)
  4 withered plants (D:15)
26 creatures vanquished.

Grand Total: 890 creatures vanquished

Notes
Turn   | Place    | Note
-------+----------+-------------------------------------------
     0 | D:1      | Alarkh the Demonspawn Hunter began the quest for the Orb.
     0 | D:1      | Reached XP level 1. HP: 16/16 MP: 1/1
   205 | D:1      | Reached skill level 4 in Ranged Weapons
   207 | D:1      | Gained mutation: You regenerate a little health from kills.
                  | [demonic ancestry]
   207 | D:1      | Reached XP level 2. HP: 22/22 MP: 2/2
   790 | D:2      | Gained mutation: Your touch may inflict minor irresistible
                  | damage on your foes. [demonic ancestry]
   790 | D:2      | Reached XP level 3. HP: 27/27 MP: 3/3
   877 | D:2      | Found a faded altar of an unknown god.
  1104 | D:2      | Reached skill level 5 in Ranged Weapons
  1283 | D:3      | Noticed Terence
  1413 | D:3      | Noticed Grinder
  1413 | D:3      | Paralysed by Grinder for 5 turns
  1481 | D:3      | Reached XP level 4. HP: 33/33 MP: 4/4
  1600 | D:3      | Found a runed translucent door.
  1600 | D:3      | Noticed a human
  1608 | D:3      | Found a basalt altar of Yredelemnul.
  1669 | D:3      | Killed Terence
  1964 | D:3      | Killed Grinder
  1965 | D:3      | Reached skill level 6 in Ranged Weapons
  1965 | D:3      | Gained mutation: You regenerate magic rapidly. [demonic
                  | ancestry]
  1965 | D:3      | Reached XP level 5. HP: 29/38 MP: 5/5
  1965 | D:3      | Gained mutation: You are partially covered in large bone
                  | plates. (SH +4) [demonic ancestry]
  1965 | D:3      | Reached XP level 6. HP: 34/44 MP: 6/6
  2114 | D:3      | Noticed Jessica
  2122 | D:3      | Killed Jessica
  2524 | D:3      | Reached skill level 7 in Ranged Weapons
  2742 | D:4      | Reached skill level 1 in Short Blades
  2874 | D:4      | Reached XP level 7. HP: 50/50 MP: 7/7
  3133 | D:4      | Noticed Pikel
  3159 | D:4      | Killed Pikel
  3160 | D:4      | Reached skill level 8 in Ranged Weapons
  3160 | D:4      | Reached XP level 8. HP: 52/56 MP: 8/8
  3391 | D:5      | Entered Level 5 of the Dungeon
  3496 | D:5      | Found Aclisti's Magic Scroll Shoppe.
  3506 | D:5      | Bought a scroll of teleportation for 39 gold pieces
  3506 | D:5      | Bought a scroll of teleportation for 39 gold pieces
  3506 | D:5      | Bought a scroll of teleportation for 39 gold pieces
  3506 | D:5      | Bought a scroll of teleportation for 39 gold pieces
  3507 | D:5      | Found a bloodstained altar of Trog.
  3507 | D:5      | Found a stormy altar of Qazlal.
  3622 | D:5      | Found a staircase to the Ecumenical Temple.
  3629 | Temple   | Entered the Ecumenical Temple
  4049 | D:5      | Reached skill level 5 in Short Blades
  4312 | D:5      | Reached skill level 9 in Ranged Weapons
  4796 | D:6      | Gained mutation: Your touch may inflict irresistible damage
                  | on your foes. [demonic ancestry]
  4796 | D:6      | Reached XP level 9. HP: 37/64 MP: 9/9
  4812 | D:6      | Found a transporter.
  4812 | D:6      | Noticed HumbleHazard's ghost (novice HOFi)
  4987 | D:6      | Found a glowing drain.
  5045 | Sewer    | Entered a sewer
  5261 | D:6      | Found a transporter.
  5313 | D:6      | Found Luzy's Armour Boutique.
  5314 | D:6      | Found Hezemej's Magic Scroll Emporium.
  5332 | D:6      | Reached skill level 1 in Stealth
  5344 | D:6      | Bought a scroll of blinking for 90 gold pieces
  5684 | D:6      | Noticed a troll
  5693 | D:6      | Killed a troll
  5963 | D:7      | Noticed Duvessa
  5971 | D:7      | Noticed Dowan
  5978 | D:7      | Killed Duvessa
  5979 | D:7      | Reached skill level 10 in Ranged Weapons
  6067 | D:7      | Killed Dowan
  6242 | D:7      | Noticed Joseph
  6289 | D:7      | Killed Joseph
  6533 | D:7      | Gained mutation: You are mostly covered in large bone
                  | plates. (SH +6) [demonic ancestry]
  6533 | D:7      | Reached XP level 10. HP: 60/73 MP: 10/10
  6835 | D:7      | Identified the +6 scale mail of Obbel {rN+ rCorr}
  6937 | D:7      | Reached skill level 5 in Fighting
  6937 | D:7      | Reached skill level 11 in Ranged Weapons
  6937 | D:7      | Reached XP level 11. HP: 81/81 MP: 11/11
  7571 | D:8      | Noticed Psyche
  7601 | D:8      | Killed Psyche
  7850 | D:8      | Found a staircase to the Lair.
  8149 | D:8      | Found an opulent altar of Gozag.
  8155 | D:8      | Found a sacrificial altar of Ru.
  8160 | D:8      | Found an iron altar of Okawaru.
  8337 | D:8      | Identified the +6 hand axe "Logire" {flame, rPois rC+ rN+
                  | Int-2}
  8421 | D:8      | Reached skill level 1 in Unarmed Combat
  8652 | D:8      | Reached skill level 5 in Stealth
  9049 | D:9      | Found a shadowy altar of Dithmenos.
  9230 | D:9      | Noticed a two-headed ogre
  9244 | D:9      | Killed a two-headed ogre
  9962 | D:9      | Found a blossoming altar of Fedhas.
 10260 | D:9      | Found Muhuzum's Magic Scroll Boutique.
 10835 | D:10     | Entered Level 10 of the Dungeon
 10835 | D:10     | Noticed a two-headed ogre
 10835 | D:10     | Noticed a two-headed ogre
 10835 | D:10     | Noticed Drakonis1988's ghost (journeyman GrFi)
 10835 | D:10     | Noticed a two-headed ogre
 10835 | D:10     | Found a transporter.
 10869 | D:10     | Noticed Gastronok
 10896 | D:10     | Noticed a two-headed ogre
 10923 | D:10     | You fall into a shaft and drop 1 floor!
 10932 | D:11     | Found Sagof's Jewellery Shop.
 11063 | D:11     | Identified a scroll of acquirement
 11065 | D:11     | Acquired the +6 longbow "Naqeator" {elec, rElec rPois rC++
                  | Stlth-}
 11232 | D:11     | Found a staircase to the Orcish Mines.
 11355 | D:11     | Reached skill level 12 in Ranged Weapons
 12086 | D:11     | Gained mutation: You are completely covered in large bone
                  | plates. (SH +8) [demonic ancestry]
 12086 | D:11     | Reached XP level 12. HP: 70/89 MP: 12/12
 12161 | D:11     | Reached skill level 10 in Short Blades
 12243 | D:11     | Noticed a two-headed ogre
 12255 | D:11     | Killed a two-headed ogre
 12485 | D:10     | Noticed Erica
 12496 | D:10     | Killed Erica
 12611 | D:10     | Killed Gastronok
 12787 | D:10     | Reached skill level 5 in Dodging
 13181 | D:10     | Noticed a two-headed ogre
 13204 | D:10     | Killed a two-headed ogre
 13451 | D:10     | Noticed a two-headed ogre
 13463 | D:10     | Killed a two-headed ogre
 13609 | D:10     | Found a hide-covered altar of Uskayaw.
 13617 | D:10     | Became a worshipper of Uskayaw the Reveller
 13650 | D:10     | Found a burning altar of Makhleb.
 13726 | D:10     | Reached * piety under Uskayaw
 13874 | D:10     | Reached ** piety under Uskayaw
 13980 | D:12     | Reached *** piety under Uskayaw
 13982 | D:12     | Reached **** piety under Uskayaw
 13989 | D:12     | Reached ***** piety under Uskayaw
 14222 | D:12     | Noticed Nessos
 14245 | D:12     | Killed Nessos
 14246 | D:12     | Reached skill level 5 in Armour
 14382 | D:12     | Noticed a two-headed ogre
 14413 | D:12     | Killed a two-headed ogre
 14800 | D:12     | Reached ****** piety under Uskayaw
 14802 | D:12     | Reached XP level 13. HP: 90/98 MP: 13/13
 15178 | D:12     | Found an ornate altar of the Wu Jian Council.
 15215 | D:12     | Reached skill level 13 in Ranged Weapons
 15465 | Lair:1   | Entered Level 1 of the Lair of Beasts
 15510 | Lair:1   | Found a dark tunnel.
 15544 | Volcano  | Entered a volcano
 15886 | Volcano  | Noticed an orb of fire
 15929 | Volcano  | Noticed an orb of fire
 16379 | Lair:1   | Noticed Nergalle
 16407 | Lair:1   | Killed Nergalle
 16547 | Lair:1   | Noticed Harold
 16553 | Lair:1   | Killed Harold
 16601 | Lair:1   | Noticed Urug
 16614 | Lair:1   | Killed Urug
 16848 | Lair:1   | Identified the +0 ring mail of Insatiable Hunger {rF++
                  | Str-2}
 17509 | Lair:2   | Reached skill level 5 in Unarmed Combat
 18434 | Lair:2   | Found a staircase to the Swamp.
 18693 | Lair:3   | Found a staircase to the Snake Pit.
 18882 | Lair:3   | Gained mutation: Your touch may irresistibly damage your
                  | foes and sap their willpower. [demonic ancestry]
 18882 | Lair:3   | Reached XP level 14. HP: 86/106 MP: 14/14
 19252 | Lair:3   | Identified the +0 ring mail of the Lotus Blossom {Harm
                  | Rampage rElec MP+9}
 20172 | Lair:4   | Found a staircase to the Slime Pits.
 20172 | Lair:4   | Found a viscous altar of Jiyva.
 20365 | Lair:5   | Entered Level 5 of the Lair of Beasts
 20700 | Lair:5   | Reached skill level 14 in Ranged Weapons
 22488 | D:13     | Reached skill level 1 in Invocations
 22710 | D:13     | Found a gate to the Vaults.
 22875 | D:13     | Reached XP level 15. HP: 110/113 MP: 16/16
 23239 | D:14     | Noticed Jorgrun
 23267 | D:14     | HP: 2/114 [enormous slime creature (67)]
 23881 | D:14     | Killed Jorgrun
 24344 | D:14     | Noticed a tengu reaver
 24378 | D:14     | Killed a tengu reaver
 25040 | D:15     | Entered Level 15 of the Dungeon
 25631 | D:15     | Paralysed by a guardian mummy for 4 turns
 25656 | D:15     | Found a staircase to the Depths.
 26099 | D:15     | Reached skill level 5 in Invocations
 26621 | Snake:1  | Entered Level 1 of the Snake Pit
 26807 | Snake:1  | Found Jikut's Antique Weapon Boutique.
 26807 | Snake:1  | Found Detaan's Jewellery Shop.
 26811 | Snake:1  | Found Owebomy's General Store.
 26815 | Snake:1  | Found Dazah's Armour Boutique.
 26824 | Snake:1  | Bought the ring "Neanef" {rElec rCorr MP+9 AC+4 Dex-4} for
                  | 793 gold pieces
 26827 | Snake:1  | Bought a +3 leather armour of willpower for 312 gold pieces
 27024 | Snake:1  | Found a transporter.
 27068 | Snake:1  | Noticed MisterFreud's ghost (journeyman FeBe)
 27093 | Snake:1  | Found a transporter.
 27418 | Snake:1  | Found Bisil's Antique Weapon Boutique.
 28088 | Snake:2  | Noticed Nikola
 29287 | Snake:1  | Killed Nikola
 29288 | Snake:1  | Reached skill level 10 in Fighting
 29288 | Snake:1  | Reached skill level 15 in Ranged Weapons
 29512 | D:11     | Bought an amulet of reflection for 450 gold pieces
 29537 | D:10     | Found a transporter.
 29592 | D:10     | Killed Drakonis1988's ghost
 29838 | D:6      | Killed HumbleHazard's ghost
 30132 | Snake:2  | Reached XP level 16. HP: 58/114 MP: 20/20
 31727 | Snake:3  | Noticed Aizul
 31799 | Snake:3  | Killed Aizul
 32069 | Snake:3  | Noticed Roxanne
 32076 | Snake:3  | Killed Roxanne
 33396 | Snake:4  | Entered Level 4 of the Snake Pit
 33457 | Snake:4  | Noticed Vashnia
 35232 | Snake:4  | Noticed Louise
 35283 | Abyss:3  | Cast into level 3 of the Abyss (Louise)
 35466 | Abyss:3  | Noticed a tentacled starspawn
 35551 | Abyss:3  | HP: 1/124 [tentacled starspawn (16)]
 35683 | Abyss:3  | Noticed a tentacled starspawn
 35701 | Abyss:3  | Killed a tentacled starspawn
 35757 | Abyss:3  | Noticed a tentacled starspawn
 35768 | Abyss:3  | Killed a tentacled starspawn
 35918 | Abyss:3  | Killed from afar by a meliai

Illustrated notes

Levels and vault maps discovered:
D:1:      dpeg_arrival_boxorama, layout_loops_cross
D:2:      layout_basic, basic_ecumenical_altar
D:3:      layout_loops_corners, dk_yredelemnul_ordeal, grunt_ministairs_9,
          minmay_strange_pillars, corexii_shack, st_stairs_6, uniq_jessica,
          uniq_grinder, uniq_terence
D:4:      layout_rooms, uniq_pikel
D:5:      minmay_goblin_kobold_castle, layout_rooms,
          chequers_temple_overflow_statue_of_worship, temple_green,
          serial_shops, shop
D:6:      cheibrodos_helix_gallery, layout_loops_ring, gammafunk_ghost_arena,
          gup_sewer_entry_glass, nicolae_wooded_promenade
D:7:      layout_loops_ring, minmay_misc_feat_rugged, kennysheep_boxes,
          uniq_duvessa, uniq_joseph
D:8:      layout_layer_cave, minmay_overflow_temple_star_quad,
          hellmonk_lair_entry_icy, minmay_tree_intersection, uniq_psyche
D:9:      layout_layer_cave, mainiacjoe_overflow_alcove_1,
          nicolae_dithmenos_through_a_glass_darkly, serial_shops,
          nicolae_shop_rolled_up
D:10:     layout_big_octagon, general_overflow_altar, nicolae_uskayaw_suspiria,
          gammafunk_ghost_smash, serial_gnoll_camp, gnoll_camp_medium_02,
          gnoll_camp_medium_01, gnoll_camp_mini_hut, gnoll_camp_mini_basic,
          gnoll_camp_mini_basic, gnoll_camp_mini_sergeant,
          minmay_fractal_squares_gapless_5, uniq_gastronok, uniq_erica
D:11:     layout_basic, zombieorc1_lemuel, serial_shops, nicolae_stop_n_shop_1
D:12:     layout_roguey [special_room_orc], st_stairs_4,
          pdpol_wu_jian_five_deadly_venoms, uniq_nessos
D:13:     layout_basic, erik_vaults_2
D:14:     layout_basic, small_statue_intersection, minmay_three_doors,
          uniq_jorgrun
D:15:     gammafunk_depths_entry_grave, layout_loops_ring,
          minmay_stone_trees_medium
Temple:   jpeg_temple_clearing
Lair:1:   layout_cave_pods, nicolae_volcano_entry_two_sided, uniq_harold,
          uniq_urug, uniq_nergalle
Lair:2:   layout_regular_city, palyth_hydra_swamp_entry
Lair:3:   layout_hall_layers, nicolae_snake_entry_warm_welcome,
          grunt_megastairs_5
Lair:4:   layout_regular_city, slime_entry_1, forest_entry_grove
Lair:5:   minmay_lair_end_enchanted_forest, layout_loops_ring,
          chequers_serial_rivers_room_b, lemuel_fruit_fields,
          serial_bayou_shore_a
Snake:1:  layout_honeycomb, serial_shops, shop,
          gammafunk_ghost_berserking_beasts, minmay_shoptagon
Snake:2:  layout_misc_corridors, hangedman_snake_wide_pillar_pass, uniq_nikola
Snake:3:  nicolae_snake_shooting_gallery, layout_rooms, uniq_roxanne, uniq_aizul
Snake:4:  snake_hunt, layout_chambers, st_stairs_10, uniq_louise, uniq_vashnia
Abyss:3:  base: D:8, patterned_corridor, minivault_13,
          kilobyte_mutagenic_chamber, grunt_abyss_rune_wretched_hive

Skill      XL: |  1  2  3  4  5  6  7  8  9 10 11 12 13 14 15 16 |
---------------+-------------------------------------------------+-----
Ranged Weapons | 4 5 6 7 8 9 10 11 12 13 14 15 | 15.7
Short Blades   | 2 4 6 7 8 9 10 11 12 13 14 | 14.2
Fighting       | 3 4 5 6 7 8 9 10 | 10.6
Stealth        | 2 4 5 6 7 8 9 |  9.9
Armour         | 2 4 5 6 7 8 |  8.5
Dodging        | 3 4 5 6 7 8 |  8.8
Unarmed Combat | 2 4 5 6 7 |  7.9
Invocations    | 1 6 9 |  9.3

Action                     |  1- 3 |  4- 6 |  7- 9 | 10-12 | 13-15 | 16-18 || total
---------------------------+-------+-------+-------+-------+-------+-------++-------
  Melee: Unarmed           |       |     8 |       |       |       |       ||     8
         Short sword       |       |    12 |    27 |       |       |       ||    39
         Touch             |       |     4 |    67 |   255 |   241 |    63 ||   630
         Dagger            |       |       |   328 |  1072 |  1145 |   315 ||  2860
         Punch             |       |       |     9 |    29 |    63 |    14 ||   115
   Fire: Shortbow          |   135 |   127 |   276 |    48 |       |       ||   586
         Longbow           |       |       |       |    83 |   811 |   450 ||  1344
 Invoke: Line Pass         |       |       |       |     1 |     4 |     3 ||     8
         Stomp             |       |       |       |       |       |     3 ||     3
  Evoke: Wand              |       |       |       |       |       |     1 ||     1
    Use: Scroll            |     3 |       |     7 |    13 |    24 |     4 ||    51
         Potion            |       |     3 |     3 |     2 |    14 |     8 ||    30
   Stab: Sleeping          |       |       |     2 |    13 |     7 |       ||    22
         Paralysed         |       |       |       |     7 |    50 |    28 ||    85
         Confused          |       |       |       |     1 |     1 |     2 ||     4
         Distracted        |       |       |       |       |     1 |       ||     1
 Armour: Leather armour    |    12 |    40 |   154 |   112 |    35 |    82 ||   435
         Steam dragon scal |       |       |       |    65 |   187 |       ||   252
  Dodge: Dodged            |    25 |    38 |   149 |   260 |   513 |   180 ||  1165
  Block: Other             |       |     9 |    57 |   170 |   295 |   190 ||   721
         Reflection        |       |       |       |       |     1 |    42 ||    43
